 Dungeon Crawl Stone Soup version 0.27.1-33-g824d729ab1 (webtiles) character file.

Game seed: 12494627170591638479

33404 13raion the Severer (level 13, -17/126 HPs)
             Began as a Minotaur Berserker on Dec 5, 2021.
             Was a High Priest of Trog.
             Killed from afar by a molten gargoyle (28 damage)
             ... with a bolt of magma
             ... on level 6 of the Lair of Beasts.
             The game lasted 00:30:34 (15117 turns).

13raion the Severer (Minotaur Berserker)           Turns: 15117, Time: 00:30:35

Health: -17/126    AC: 25    Str: 26    XL:     13   Next: 36%
Magic:  12/12      EV:  7    Int:  4    God:    Trog [*****.]
Gold:   864        SH: 13    Dex: 11    Spells: 12/12 levels left

rFire    . . .     SeeInvis .   t - +3 broad axe (flame)
rCold    + . .     Faith    +   y - +1 kite shield
rNeg     . . .     Spirit   .   e - +1 plate armour
rPois    .         Reflect  .   u - +2 hat
rElec    .         Harm     .   q - +0 cloak
rCorr    .         Rampage  .   (no gloves)
Will     .....                  c - +0 pair of boots
Stlth    ..........             A - amulet of faith
HPRegen  0.31/turn              z - +4 ring of protection
MPRegen  0.13/turn              G - ring of protection from cold

@: on berserk cooldown, slowed, studying Staves, very slow
A: horns 2, retaliatory headbutt
a: Renounce Religion, Berserk, Trog's Hand, Brothers in Arms


You were on level 6 of the Lair of Beasts.
You worshipped Trog.
Trog was extremely pleased with you.
You visited 2 branches of the dungeon, and saw 14 of its levels.

You collected 864 gold pieces.

Inventory:

Hand Weapons
 t - a +3 broad axe of flaming (weapon)
Armour
 c - a +0 pair of boots (worn)
 e - a +1 plate armour (worn)
 q - a +0 cloak (worn)
 u - a +2 hat (worn)
 y - a +1 kite shield (worn)
 D - a scarf of invisibility
Jewellery
 z - a +4 ring of protection (left hand)
 A - an amulet of faith (around neck)
 G - a ring of protection from cold (right hand)
Wands
 r - a wand of flame (15)
 v - a wand of charming (5)
 w - a wand of paralysis (7)
 x - a wand of digging (3)
 F - a wand of iceblast (12)
Scrolls
 a - 4 scrolls of enchant weapon
 d - 3 scrolls of noise
 f - 4 scrolls of immolation
 h - 4 scrolls of identify
 i - 2 scrolls of fog
 o - 4 scrolls of teleportation
 p - 3 scrolls of magic mapping
 s - a scroll of amnesia
Potions
 b - a potion of curing
 j - 2 potions of attraction
 k - a potion of haste {unknown}
 l - 3 potions of brilliance
 m - a potion of degeneration
 n - 3 potions of cancellation {unknown}
 B - a potion of resistance {unknown}
 C - 2 potions of flight {unknown}
 E - a potion of might {unknown}


   Skills:
 * Level 15.0 Fighting
 + Level 16.6 Axes
 + Level 11.0 Armour
 - Level 2.1 Dodging
 * Level 10.7 Shields


You had 12 spell levels left.
You didn't know any spells.
Your spell library was empty.

Dungeon Overview and Level Annotations

Branches:
Dungeon (8/15)             Temple (0/1) D:6            Lair (6/6) D:8
 Shoals (0/4) Lair:2
  Snake: Lair:2-4    Spider: Lair:2-4     Slime: Lair:5-6

Altars:
Cheibriados
Elyvilon
Fedhas
Makhleb
Ru
Sif Muna
Vehumet
Yredelemnul
Zin
The Shining One

Shops:
D:5 [   D:6 !

Annotations:
Lair:1 exclusion: 2 oklob plants
Lair:6 1 runed translucent door, McKennaii's ghost, journeyman DgCj


Innate Abilities, Weirdness & Mutations

You have a pair of horns on your head.
You reflexively headbutt those who attack you in melee.


Message History

The bolt of magma misses you. The molten gargoyle barely misses you.
You furiously retaliate!
You headbutt the molten gargoyle, but do no damage.
The wyvern hisses angrily.
You slash the molten gargoyle! You headbutt the molten gargoyle.
You destroy the molten gargoyle!
Trog accepts your kill.
You hit the molten gargoyle.
The molten gargoyle hits you but does no damage.
Your Armour skill increases to level 11!
You slash the molten gargoyle!
You headbutt the molten gargoyle, but do no damage.
The molten gargoyle is heavily damaged.
Your skin stops crawling.
You feel less strong-willed.
The molten gargoyle hits you but does no damage.
You block the wyvern's attack.
You slash the molten gargoyle! You headbutt the molten gargoyle.
The molten gargoyle is severely damaged.
You closely miss the wyvern. You block the wyvern's attack.
The molten gargoyle blasts magma at you!
The bolt of magma hits you but does no damage.
You block the wyvern's attack.
Unknown command.
You hit the molten gargoyle.
Your headbutt misses the molten gargoyle.
The molten gargoyle is almost destroyed.
You hit the wyvern. You burn the wyvern. You block the wyvern's attack.
The molten gargoyle hits you with a +0 flail!
You are engulfed in flames!
* * * LOW HITPOINT WARNING * * *
The wyvern bites you but does no damage.
The molten gargoyle blasts magma at you!
The bolt of magma hits you!
* * * LOW HITPOINT WARNING * * *
You closely miss the molten gargoyle.
The molten gargoyle is almost destroyed.
You slash the wyvern! You burn the wyvern. The wyvern barely misses you.
The molten gargoyle blasts magma at you!
The bolt of magma hits you!!
You die...

..................##...
.......................†
........................
P#..................###.
....................####
..#................#.###
..P................#..##
.......l9#.........††...
.......@#.#.#.....^.....
........##)###..........
......####9.###.........
##..## #..# #.......†.
## #...####....... ....#
##....## ....# #..####
l..... #### .......


You could see a molten gargoyle and a wyvern.

Vanquished Creatures
  A boulder beetle (Lair:6)
  4 hydras
  4 death yaks (Lair:6)
  Pikel (D:4)
  A lindwurm (Lair:5)
  6 elephants (Lair:4)
  7 black mambas
  2 molten gargoyles (Lair:6)
  Joseph (D:7)
  8 cane toads
  Psyche (D:8)
  2 rime drakes (Lair:1)
  8 komodo dragons
  A polar bear (Lair:6)
  Grinder (D:6)
  Prince Ribbit (D:6)
  5 slime creatures (D:8)
  15 blink frogs
  2 dream sheep (Lair:6)
  7 wyverns
  19 yaks
  5 basilisks
  Edmund (D:6)
  3 hell hounds (Lair:6)
  8 water moccasins
  Duvessa (D:6)
  A swamp drake (D:8)
  A sky beast (D:8)
  2 orc warriors
  2 ogres
  An ice beast (D:5)
  2 black bears
  10 wolves
  The ghost of Alannah the Skirmisher, an amateur DsWn (D:3)
  5 centaurs
  A phantom (D:5)
  A kobold brigand (D:6)
  11 bullfrogs
  A gnoll sergeant (D:8)
  2 wyvern zombies (D:5)
  A water moccasin zombie (D:6)
  4 scorpions
  Dowan (D:6)
  5 killer bees (D:6)
  5 howler monkeys
  3 centaur zombies
  5 hounds
  2 jellies
  2 bullfrog skeletons
  A centaur skeleton (D:7)
  2 orc priests
  An orc wizard (D:8)
  7 iguanas
  A hound zombie (D:5)
  A howler monkey skeleton (D:5)
  13 gnolls
  A howler monkey zombie (D:7)
  5 adders
  A white imp (D:7)
  An ufetubus (D:4)
  An adder skeleton (D:4)
  2 worms
  2 dart slugs (D:4)
  10 orcs
  5 bats
  4 endoplasms
  2 giant cockroaches
  6 hobgoblins
  9 jackals
  4 quokkas
  4 ball pythons
  A ball python zombie (D:3)
  5 frilled lizards
  6 goblins
  A jackal zombie (D:3)
  8 kobolds
  3 rats
  A butterfly (D:6)
292 creatures vanquished.

Vanquished Creatures (collateral kills)
  2 death yaks (Lair:6)
  2 dream sheep (Lair:6)
  5 yaks (Lair:6)
9 creatures vanquished.

Vanquished Creatures (others)
  A hell hound (Lair:6)
  13 fungi
  34 plants
48 creatures vanquished.

Grand Total: 349 creatures vanquished

Notes
Turn   | Place    | Note
-------+----------+-------------------------------------------
     0 | D:1      | 13raion the Minotaur Berserker began the quest for the Orb.
     0 | D:1      | Reached XP level 1. HP: 19/19 MP: 0/0
    79 | D:1      | Reached skill level 4 in Axes
    80 | D:1      | Reached XP level 2. HP: 24/27 MP: 1/1
   363 | D:1      | Found a faded altar of an unknown god.
   875 | D:2      | Reached XP level 3. HP: 34/34 MP: 2/2
  1485 | D:3      | Reached ** piety under Trog
  1499 | D:3      | Noticed an ogre
  1747 | D:3      | Reached skill level 5 in Axes
  1747 | D:3      | Killed an ogre
  1748 | D:3      | Reached skill level 5 in Fighting
  1748 | D:3      | Reached XP level 4. HP: 42/42 MP: 3/3
  1748 | D:3      | Reached XP level 5. HP: 48/48 MP: 4/4
  1823 | D:3      | Reached skill level 6 in Axes
  2264 | D:3      | Found a runed translucent gate.
  2264 | D:3      | Found a runed translucent gate.
  2264 | D:3      | Found a runed translucent gate.
  2264 | D:3      | Noticed Alannah's ghost (amateur DsWn)
  2270 | D:3      | Found a basalt altar of Yredelemnul.
  2644 | D:3      | Found a radiant altar of Vehumet.
  2710 | D:3      | Killed Alannah's ghost
  2711 | D:3      | Reached skill level 7 in Axes
  2711 | D:3      | Reached XP level 6. HP: 32/57 MP: 5/5
  3017 | D:4      | Found a burning altar of Makhleb.
  3059 | D:4      | Noticed Pikel
  3067 | D:4      | Killed Pikel
  3068 | D:4      | Reached skill level 9 in Axes
  3068 | D:4      | Reached XP level 7. HP: 66/66 MP: 6/6
  3184 | D:4      | Reached *** piety under Trog
  3232 | D:4      | Reached XP level 8. HP: 40/74 MP: 7/7
  3507 | D:4      | Found a blossoming altar of Fedhas.
  3830 | D:5      | Entered Level 5 of the Dungeon
  3830 | D:5      | Found a shimmering blue altar of Sif Muna.
  3904 | D:5      | Reached skill level 10 in Axes
  4277 | D:5      | Found Zeraf's Armour Shoppe.
  4407 | D:5      | Reached skill level 11 in Axes
  4583 | D:5      | Found a sacrificial altar of Ru.
  4685 | D:5      | Reached XP level 9. HP: 84/84 MP: 8/8
  4866 | D:5      | Found a white marble altar of Elyvilon.
  4866 | D:5      | Found a glowing silver altar of Zin.
  4866 | D:5      | Found a glowing golden altar of the Shining One.
  4935 | D:6      | Found a snail-covered altar of Cheibriados.
  5347 | D:6      | Found a staircase to the Ecumenical Temple.
  5384 | D:6      | Noticed Grinder
  5397 | D:6      | Paralysed by Grinder for 2 turns
  5402 | D:6      | Noticed Prince Ribbit
  5415 | D:6      | Killed Grinder
  5416 | D:6      | Reached skill level 10 in Fighting
  5442 | D:6      | Killed Prince Ribbit
  5518 | D:6      | Noticed Edmund
  5527 | D:6      | Killed Edmund
  5914 | D:6      | Noticed Dowan
  5919 | D:6      | Noticed Duvessa
  5923 | D:6      | Killed Dowan
  5924 | D:6      | Reached skill level 12 in Axes
  5925 | D:6      | Killed Duvessa
  5926 | D:6      | Reached skill level 5 in Armour
  6406 | D:6      | Found Kuemueje's Distillery.
  6411 | D:6      | Identified a scroll of acquirement
  6411 | D:6      | Acquired a +3 broad axe of flaming
  6496 | D:7      | Reached **** piety under Trog
  6550 | D:7      | Noticed Joseph
  6564 | D:7      | Killed Joseph
  7110 | D:8      | Reached XP level 10. HP: 87/96 MP: 9/9
  7403 | D:8      | Reached skill level 1 in Shields
  7761 | D:8      | Noticed Psyche
  7767 | D:8      | Killed Psyche
  8269 | D:8      | Reached skill level 13 in Axes
  9048 | D:8      | Found a staircase to the Lair.
  9348 | Lair:1   | Entered Level 1 of the Lair of Beasts
  9358 | Lair:1   | Noticed an oklob plant
  9358 | Lair:1   | Noticed an oklob plant
  9448 | Lair:1   | Noticed a seven-headed hydra
  9768 | Lair:1   | Reached XP level 11. HP: 104/104 MP: 10/10
  9784 | Lair:1   | Killed a three-headed hydra
 10110 | Lair:1   | Reached skill level 5 in Shields
 10144 | Lair:1   | Reached skill level 14 in Axes
 11530 | Lair:2   | Found a staircase to the Shoals.
 12449 | Lair:3   | Reached XP level 12. HP: 115/115 MP: 11/11
 12586 | Lair:3   | Noticed a seven-headed hydra
 12642 | Lair:4   | Reached skill level 10 in Armour
 12643 | Lair:4   | Reached skill level 15 in Axes
 12731 | Lair:4   | Reached ***** piety under Trog
 13873 | Lair:5   | Noticed a seven-headed hydra
 13905 | Lair:5   | Killed a four-headed hydra
 14074 | Lair:5   | Received a gift from Trog
 14522 | Lair:6   | Entered Level 6 of the Lair of Beasts
 14522 | Lair:6   | Noticed a death yak
 14523 | Lair:6   | Noticed a death yak
 14523 | Lair:6   | Noticed a death yak
 14523 | Lair:6   | Noticed a death yak
 14523 | Lair:6   | Noticed a death yak
 14531 | Lair:6   | Noticed a death yak
 14543 | Lair:6   | Reached skill level 10 in Shields
 14545 | Lair:6   | Killed a death yak
 14548 | Lair:6   | Killed a death yak
 14548 | Lair:6   | Killed a death yak
 14550 | Lair:6   | Killed a death yak
 14553 | Lair:6   | Killed a death yak
 14553 | Lair:6   | Killed a death yak
 14554 | Lair:6   | Reached skill level 16 in Axes
 14554 | Lair:6   | Reached XP level 13. HP: 125/125 MP: 12/12
 14947 | Lair:6   | Found a runed translucent door.
 14948 | Lair:6   | Noticed McKennaii's ghost (journeyman DgCj)
 15038 | Lair:6   | Reached skill level 15 in Fighting
 15117 | Lair:6   | Killed from afar by a molten gargoyle

Illustrated notes

Levels and vault maps discovered:
D:1:      tarquinn_simple_flora_water_d, layout_rooms,
          hellmonk_ecumenical_altar_blasted, chequers_serial_rivers_large_b
D:2:      layout_loops_ring
D:3:      layout_rooms, mainiacjoe_overflow_alcove_2,
          nicolae_yredelemnul_ghost_church
D:4:      layout_cave_pools, makhleb_heckhound_becter,
          mainiacjoe_overflow_24_doors, minmay_bent, uniq_pikel
D:5:      layout_cave_pools, good_gods_mini_temple, old_standard_altar,
          mainiacjoe_overflow_tiny_flanked, serial_shops, shop,
          minmay_manual_mail
D:6:      layout_basic, cheibrodos_worm_habitat,
          minmay_temple_entry_butterflies, serial_shops, shop, uniq_edmund,
          uniq_grinder, uniq_duvessa, uniq_prince_ribbit1
D:7:      layout_rooms, uniq_joseph
D:8:      layout_basic, erik_lair_dragon, nicolae_ossuary_entry_ruins,
          minmay_misc_feat_enclosed, amcnicky_mini_pool_small, uniq_psyche
Lair:1:   layout_misc_corridors, minmay_lair_oklob_chamber
Lair:2:   layout_cave_pods, minmay_shoals_entry_centaurs, beast_lair_carwin_5
Lair:3:   layout_regular_city, minmay_snake_entry_six_corridors, uniq_urug
Lair:4:   layout_cave_pods, lemuel_fruit_tree
Lair:5:   layout_regular_city, serial_rivers, chequers_serial_rivers_marsh,
          chequers_serial_rivers_small_b, chequers_serial_rivers_small_a,
          chequers_serial_rivers_micro_b, chequers_serial_rivers_micro_c,
          chequers_serial_rivers_large_a
Lair:6:   cheibrodos_lair_end_hotspot, layout_regular_city, slime_altar_1,
          ebering_ghost_inner_flame, serial_bayou_shore_a

Skill      XL: |  1  2  3  4  5  6  7  8  9 10 11 12 13 |
---------------+----------------------------------------+-----
Fighting       | 4 5 6 7 9 11 12 13 14 15 | 15.0
Axes           | 4 5 7 9 11 12 13 14 16 | 16.6
Armour         | 3 5 8 9 10 11 | 11.0
Shields        | 4 8 10 | 10.7
Dodging        | |  2.1

Action                   |  1- 3 |  4- 6 |  7- 9 | 10-12 | 13-15 || total
-------------------------+-------+-------+-------+-------+-------++-------
Melee: Hand axe          |    77 |    92 |     2 |       |       ||   171
       Headbutt          |    10 |    17 |    35 |    76 |    18 ||   156
       War axe           |       |       |   204 |       |       ||   204
       Broad axe         |       |       |    22 |   385 |    85 ||   492
Invok: Berserk           |     1 |     2 |     3 |     5 |     2 ||    13
       Trog's Hand       |       |       |     3 |    10 |     1 ||    14
       Brothers in Arms  |       |       |       |     1 |       ||     1
  Use: Scroll            |     7 |     3 |     8 |     5 |       ||    23
       Potion            |       |       |     1 |     7 |     2 ||    10
 Stab: Sleeping          |     1 |       |       |       |       ||     1
       Confused          |       |       |       |     1 |       ||     1
Armor: Animal skin       |     6 |       |       |       |       ||     6
       Plate armour      |    62 |    53 |   117 |   274 |    59 ||   565
Dodge: Dodged            |    46 |    22 |    88 |    94 |    19 ||   269
Block: Kite shield       |       |       |       |   233 |    49 ||   282
